 Dungeon Crawl Stone Soup version 0.28-a0-845-gfc338a8e3c (webtiles) character file.

Game seed: 3495207206979745911

302 mandarbmax the Caller (level 6, 0/41 HPs)
             Began as a Merfolk Summoner on Nov 13, 2021.
             Slain by Sigmund (6 damage)
             ... on level 3 of the Dungeon.
             The game lasted 00:10:33 (4693 turns).

mandarbmax the Caller (Merfolk Summoner)            Turns: 4693, Time: 00:10:33

Health: 0/41       AC:  2    Str:  8    XL:     6   Next: 37%
Magic:  4/9        EV: 13    Int: 17    God:
Gold:   93         SH:  0    Dex: 14    Spells: 3/9 levels left

rFire   . . .      SeeInvis .   b - +0 dagger
rCold   . . .      Faith    .   (no shield)
rNeg    . . .      Spirit   .   a - +0 robe
rPois   .          Reflect  .   (no helmet)
rElec   .          Harm     .   (no cloak)
rCorr   .          Rampage  .   (no gloves)
Will    .....                   (no boots)
Stlth   ++........              (no amulet)
HPRegen 0.13/turn               d - ring of flight
MPRegen 0.11/turn               (no ring)

@: flying
A: (nimble swimmer 2), mertail
a: no special abilities


You were on level 3 of the Dungeon.
You visited 1 branch of the dungeon, and saw 3 of its levels.

You collected 93 gold pieces.

Inventory:

Hand Weapons
 b - a +0 dagger (weapon)
Armour
 a - a +0 robe (worn)
Jewellery
 d - a ring of flight (left hand)
Scrolls
 e - a scroll of amnesia {unknown}
 f - a scroll of enchant armour {unknown}
 g - a scroll of acquirement {unknown}
 i - a scroll of enchant weapon {unknown}
Potions
 c - a potion of brilliance
 h - a potion of attraction {unknown}


   Skills:
 - Level 3.0 Dodging
 - Level 2.1 Stealth
 - Level 2.0 Spellcasting
 + Level 7.4 Summonings


You had 3 spell levels left.
You knew the following spells:

 Your Spells              Type           Power      Damage    Failure   Level
a - Summon Small Mammal   Summ           100%       N/A       1%          1
b - Call Imp              Summ           26%        N/A       1%          2
c - Call Canine Familiar  Summ           26%        N/A       2%          3

Your spell library contained the following spells:

 Spells                   Type           Power      Damage    Failure   Level
 Summon Guardian Golem    Hex/Summ       14%        N/A       13%         3
 Summon Lightning Spire   Summ/Air       14%        N/A       38%         4


Dungeon Overview and Level Annotations

Branches:
Dungeon (3/15)

Altars:

Shops:
D:1 *

Annotations:
D:3 Sigmund


Innate Abilities, Weirdness & Mutations

((You are quick and stealthy near water. (Stealth+, EV+, Speed+++)))
Your lower body shifts to a powerful aquatic tail in water.


Message History

Your hound closely misses something.
Something hits your hound!
Your hound dies!
Your hound's corpse disappears in a puff of smoke!
A puff of flame appears from out of thin air!
The puff of flame misses your white imp.
The puff of flame misses you.
Casting: Call Imp (safe; 1% risk of failure)
Confirm with . or Enter, or press ? or * to list all spells.
A magic dart appears from out of thin air!
The magic dart hits your white imp!
Found an escape hatch in the floor.
There is a stone staircase leading up here.
Your hound bites something.
Something hits you.
Your white imp disappears in a puff of smoke!
Your hound barely misses something. x2
Your hound closely misses something.
Something hits you!
You hit something.
Your hound barely misses something. x2
Something completely misses you.
You hit something but do no damage.
Your hound bites something.
You closely miss something.
Your hound closely misses something.
Something hits you!
Your hound closely misses something.
You barely miss something.
Your hound barely misses something.
Something barely misses you.
You hit something but do no damage.
Your hound bites something.
Your hound bites something but does no damage.
You closely miss something.
Your hound bites something.
Something barely misses you.
You hit something but do no damage.
Your hound closely misses something.
Your hound barely misses something.
Something barely misses you.
You miss something.
Your hound closely misses something.
You miss something.
Your hound bites something.
Something barely misses you.
Your hound barely misses something.
You miss something.
Your hound bites something.
Something hits you!
You barely miss something.
Your hound closely misses something.
Your hound bites something.
You hit something.
Your hound closely misses something.
Something hits you!
* * * LOW HITPOINT WARNING * * *
Your hound bites something. x2; Something hits you.
You die...

....##### #....... #
#....# .# #####..# .
#......# .# # #.###..#
#.# # #.# #.#.###.#
#####.###.##...########
##......#....h{.@.....#
##.##.#.#.###.#.......#
......#.#.....#.......#
......#.#...>.........#
....<##.#.............#
##......#.#####.......#
#########.# #.......#
##.. .#. ######### ##.#
.# #


You could see a friendly hound (summoned).

Vanquished Creatures
  3 bats
  4 endoplasms
  2 giant cockroaches (D:2)
  2 goblins
  3 ball pythons
  5 rats (D:1)
19 creatures vanquished.

Vanquished Creatures (collateral kills)
  Grinder (D:3)
  5 adders
  2 worms
  A dart slug (D:2)
  An orc (D:3)
  2 endoplasms
  3 goblins (D:1)
  3 hobgoblins (D:1)
  A quokka (D:1)
  A ball python (D:2)
  2 bats
  3 kobolds
  A rat (D:1)
26 creatures vanquished.

Vanquished Creatures (others)
  5 plants (D:3)
5 creatures vanquished.

Grand Total: 50 creatures vanquished

Notes
Turn   | Place    | Note
-------+----------+-------------------------------------------
     0 | D:1      | mandarbmax the Merfolk Summoner began the quest for the
                  | Orb.
     0 | D:1      | Reached XP level 1. HP: 13/13 MP: 3/3
   226 | D:1      | Found Baghal's Assorted Antiques.
   241 | D:1      | Reached XP level 2. HP: 2/19 MP: 1/5
   652 | D:1      | Learned a level 2 spell: Call Imp
  1522 | D:1      | Reached XP level 3. HP: 19/24 MP: 6/6
  1804 | D:2      | Learned a level 3 spell: Call Canine Familiar
  1860 | D:2      | Found a faded altar of an unknown god.
  2226 | D:2      | Reached skill level 5 in Summonings
  2905 | D:2      | Reached XP level 4. HP: 30/30 MP: 0/7
  3277 | D:3      | Noticed Grinder
  3885 | D:3      | Paralysed by Grinder for 3 turns
  4082 | D:3      | Paralysed by Grinder for 2 turns
  4231 | D:3      | Paralysed by Grinder for 3 turns
  4403 | D:3      | Paralysed by Grinder for 5 turns
  4429 | D:3      | Killed Grinder
  4430 | D:3      | Reached skill level 7 in Summonings
  4430 | D:3      | Reached XP level 5. HP: 13/35 MP: 1/8
  4430 | D:3      | Reached XP level 6. HP: 15/41 MP: 1/9
  4657 | D:3      | Noticed Sigmund
  4693 | D:3      | Slain by Sigmund

Illustrated notes

Levels and vault maps discovered:
D:1:      noname_arrival_rooms_in_the_neighbourhood, layout_loops_cross,
          serial_shops, shop
D:2:      layout_basic, chequers_ecumenical_altar_island,
          kennysheep_generic_room_9
D:3:      layout_loops_cross, serial_bayou_ford_a, uniq_grinder, uniq_jessica,
          uniq_sigmund

Skill      XL: |  1  2  3  4 |
---------------+-------------+-----
Dodging        | 3 |  3.0
Summonings     | 5 7 |  7.4
Stealth        | |  2.1
Spellcasting   | |  2.0

Action                   |  1- 3 |  4- 6 || total
-------------------------+-------+-------++-------
Melee: Dagger            |    73 |    44 ||   117
       Unarmed           |     7 |       ||     7
 Cast: Summon Small Mamm |    20 |     6 ||    26
       Call Imp          |    13 |    11 ||    24
       Call Canine Famil |     2 |    13 ||    15
  Use: Potion            |     1 |     2 ||     3
       Scroll            |       |     1 ||     1
 Stab: Sleeping          |     7 |     1 ||     8
       Distracted        |     1 |       ||     1
Armor: Robe              |    27 |     4 ||    31
Dodge: Dodged            |    51 |    40 ||    91

Table legend: (Time is in decaauts)
 A = Elapsed time spent in this place.
 B = Non-inter-level travel time spent in this place.
 C = Inter-level travel time spent in this place.
 D = Time resting spent in this place.
 E = Time spent auto-exploring this place.
 F = Levels seen in this place.
 G = Mean time per level.
                   A        B        C        D        E       F      G
               +--------+--------+--------+--------+--------+-----+--------+
         Total |   4689 |   4574 |    115 |   1030 |   2926 |   3 | 1563.0 |
       Dungeon |   4689 |   4574 |    115 |   1030 |   2926 |   3 | 1563.0 |
               +--------+--------+--------+--------+--------+-----+--------+

Top non-repeatable levels by time:
     D:2: 2027 daAuts
     D:1: 1754 daAuts
     D:3: 908 daAuts
